 Dungeon Crawl Stone Soup version 0.26-a0-663-g36e8fdb655 (webtiles) character file.

Game seed: 10265240969603151638

4142 Patagonicus the Grappler (level 10, 0/91 HPs)
             Began as a Troll Hunter on Oct 10, 2020.
             Slain by a wolf (5 damage)
             ... on level 1 of the Lair of Beasts.
             The game lasted 00:22:11 (5375 turns).

Patagonicus the Grappler (Troll Hunter)             Turns: 5375, Time: 00:22:12

Health: 0/91       AC: 12    Str: 25    XL:     10   Next: 7%
Magic:  9/9        EV: 11    Int:  7    God:
Gold:   0          SH:  0    Dex: 10    Spells: 9/9 levels left

rFire    . . .     SeeInvis .     - Unarmed
rCold    . . .     Faith    .   (no shield)
rNeg     . . .     Spirit   .   w - +0 steam dragon scales
rPois    +         Reflect  .   (helmet restricted)
rElec    .         Harm     .   u - +2 cloak
rCorr    .         Rampage  .   (gloves unavailable)
MR       .....                  (boots unavailable)
Stlth    ++........             (no amulet)
HPRegen  0.65/turn              j - ring of poison resistance
MPRegen  0.11/turn              (no ring)

@: lethally poisoned (0 -> -1)
A: large, unfitting armour, claws 3, regeneration 1, shaggy fur 1, tough skin 3
a: no special abilities


You were on level 1 of the Lair of Beasts.
You visited 2 branches of the dungeon, and saw 10 of its levels.

Inventory:

Armour
 u - a +2 cloak (worn)
 w - +0 steam dragon scales (worn)
Jewellery
 b - an uncursed ring of protection from fire {unknown}
 i - an uncursed ring of flight {unknown}
 j - a ring of poison resistance (left claw)
 s - an uncursed ring of ice {unknown}
Wands
 A - a wand of polymorph (10)
 B - a wand of random effects (20)
 C - a wand of paralysis (3)
 D - a wand of digging (3)
Scrolls
 a - 2 scrolls of remove curse {unknown}
 f - 3 scrolls of enchant weapon {unknown}
 g - 2 scrolls of amnesia {unknown}
 h - 11 scrolls of identify {unknown}
 k - 5 scrolls of teleportation {unknown}
 l - 6 scrolls of enchant armour {unknown}
 q - 2 scrolls of noise {unknown}
 t - a scroll of magic mapping {unknown}
 x - 3 scrolls of fear {unknown}
 y - 2 scrolls of immolation {unknown}
Potions
 d - 3 potions of curing {unknown}
 e - 2 potions of degeneration {unknown}
 m - a potion of heal wounds {unknown}
 o - 2 potions of haste {unknown}
 p - a potion of magic {unknown}
 r - a potion of flight {unknown}
 v - 2 potions of stabbing {unknown}


   Skills:
 + Level 3.4 Fighting
 + Level 8.0 Throwing
 + Level 5.3 Dodging
 + Level 2.3 Stealth
 + Level 9.2 Unarmed Combat


You had 9 spell levels left.
You didn't know any spells.
Your spell library contained the following spells:

 Spells                   Type           Power        Failure   Level
 Shock                    Conj/Air       #...         43%         1
 Swiftness                Air            #.......     56%         2
 Static Discharge         Conj/Air       #.......     80%         3
 Airstrike                Air            #.........   99%         4
 Lightning Bolt           Conj/Air       #.........   100%        5


Dungeon Overview and Level Annotations

Branches:
Dungeon (9/15)             Temple (0/1) D:7            Lair (1/6) D:9
    Orc: D:9-12

Altars:
Elyvilon
Hepliaklqana
Makhleb
Nemelex Xobeh
Qazlal
Ru
Sif Muna
Uskayaw
Xom
Yredelemnul

Annotations:
D:8 Maurice


Innate Abilities, Weirdness & Mutations

You are too large for most types of armour.
You have claws for hands.
Your natural rate of healing is unusually fast.
You are covered in fur. (AC +1)
You have extremely tough skin. (AC +3)


Message History

You claw the wolf!
You kill the wolf!
The wolf bites you!
* * * LOW HITPOINT WARNING * * *
The wolf barely misses you. The wolf bites you.
* * * LOW HITPOINT WARNING * * *
You mangle the wolf!!
The wolf is almost dead.
The wolf bites you.
* * * LOW HITPOINT WARNING * * *
The wolf bites you.
* * * LOW HITPOINT WARNING * * *
The wolf bites you but does no damage.
You closely miss the wolf.
The wolf is almost dead.
The wolf closely misses you. The wolf barely misses you. x2
The wolf bites you.
* * * LOW HITPOINT WARNING * * *
The wolf bites you.
You die...

###### #....
#######h.# ##
#.......@#..##
........hhh>.#
P.P..#####..##
#... #.# #.#
... # .#. # .


You could see 4 wolves.

Vanquished Creatures
  Erica (D:8)
  Maggie (D:6)
  A komodo dragon (D:9)
  A hornet (D:8)
  Grum (D:8)
  Edmund (D:6)
  3 ice beasts
  A sky beast (D:5)
  A black bear (D:7)
  A phantom (D:8)
  4 wolves
  An ogre (D:8)
  3 centaurs
  Blork the orc (D:6)
  A big kobold (D:8)
  3 bullfrogs
  A scorpion (D:8)
  5 killer bees
  A howler monkey (D:6)
  A quasit (D:7)
  A bullfrog zombie (D:6)
  A centaur zombie (D:9)
  A hound (D:8)
  2 jellies (D:8)
  2 orc priests
  A bullfrog skeleton (D:4)
  3 orc wizards
  5 worker ants
  A hound skeleton (D:5)
  A howler monkey zombie (D:5)
  10 adders
  A shadow imp (D:5)
  2 ufetubi
  An adder zombie (D:5)
  A worm (D:3)
  4 dart slugs (D:1)
  4 leopard geckos
  24 orcs
  A ball python (D:1)
  8 giant cockroaches
  6 goblins
  6 hobgoblins
  7 jackals
  2 quokkas
  8 bats
  6 frilled lizards
  A jackal skeleton (D:5)
  14 kobolds
  A quokka skeleton (D:4)
  6 rats
164 creatures vanquished.

Vanquished Creatures (others)
  18 fungi (D:9)
  21 plants
39 creatures vanquished.

Grand Total: 203 creatures vanquished

Notes
Turn   | Place    | Note
-------+----------+-------------------------------------------
     0 | D:1      | Patagonicus the Troll Hunter began the quest for the Orb.
     0 | D:1      | Reached XP level 1. HP: 19/19 MP: 0/0
    81 | D:1      | Reached XP level 2. HP: 27/27 MP: 1/1
   300 | D:1      | Reached XP level 3. HP: 28/33 MP: 2/2
   633 | D:2      | Reached skill level 1 in Unarmed Combat
   999 | D:3      | Reached XP level 4. HP: 42/42 MP: 3/3
  1194 | D:3      | Reached skill level 2 in Unarmed Combat
  1592 | D:4      | Noticed a bullfrog
  1593 | D:4      | Killed a bullfrog
  1593 | D:4      | Reached XP level 5. HP: 49/49 MP: 4/4
  1597 | D:4      | Reached skill level 5 in Throwing
  1618 | D:4      | Reached skill level 1 in Stealth
  1643 | D:4      | Reached skill level 3 in Unarmed Combat
  1643 | D:4      | Reached XP level 6. HP: 50/57 MP: 5/5
  1866 | D:4      | Found a hide-covered altar of Uskayaw.
  1972 | D:4      | Found a stormy altar of Qazlal.
  1974 | D:4      | Found a shimmering blue altar of Sif Muna.
  1974 | D:4      | Found a basalt altar of Yredelemnul.
  1978 | D:4      | Found a sparkling altar of Nemelex Xobeh.
  2275 | D:5      | Entered Level 5 of the Dungeon
  2322 | D:5      | Reached XP level 7. HP: 65/65 MP: 6/6
  2386 | D:5      | Found a sacrificial altar of Ru.
  2498 | D:5      | Reached skill level 4 in Unarmed Combat
  2592 | D:5      | Found a shimmering altar of Xom.
  2593 | D:5      | Found a hazy altar of Hepliaklqana.
  2594 | D:5      | Noticed a spectral ugly thing
  3094 | D:6      | Reached skill level 5 in Unarmed Combat
  3121 | D:6      | Noticed Edmund
  3130 | D:6      | Killed Edmund
  3130 | D:6      | Reached XP level 8. HP: 62/72 MP: 7/7
  3170 | D:6      | Noticed Maggie
  3188 | D:6      | Killed Maggie
  3361 | D:6      | Reached skill level 6 in Unarmed Combat
  3479 | D:6      | Noticed Blork the orc
  3488 | D:6      | Killed Blork the orc
  3631 | D:7      | Found a staircase to the Ecumenical Temple.
  3778 | D:7      | Found a burning altar of Makhleb.
  4301 | D:8      | Noticed Erica
  4319 | D:8      | Killed Erica
  4319 | D:8      | Reached skill level 7 in Unarmed Combat
  4319 | D:8      | Reached XP level 9. HP: 56/80 MP: 8/8
  4391 | D:8      | Noticed Grum
  4398 | D:8      | Reached skill level 8 in Unarmed Combat
  4421 | D:8      | Killed Grum
  4686 | D:8      | Found a white marble altar of Elyvilon.
  4816 | D:8      | Reached skill level 5 in Dodging
  4821 | D:8      | Paralysed by a hornet for 3 turns
  4917 | D:8      | Noticed Maurice
  5174 | D:8      | Reached skill level 9 in Unarmed Combat
  5303 | D:9      | Noticed a komodo dragon
  5320 | D:9      | Killed a komodo dragon
  5320 | D:9      | Reached XP level 10. HP: 57/91 MP: 9/9
  5332 | D:9      | Found a staircase to the Lair.
  5359 | Lair:1   | Entered Level 1 of the Lair of Beasts
  5375 | Lair:1   | Slain by a wolf

Illustrated notes

Levels and vault maps discovered:
D:1:      lightli_iron_boxes, layout_rooms
D:2:      layout_basic
D:3:      layout_loops_ring
D:4:      layout_gridville, lemuel_crystal_altar, grunt_temple_overflow_open,
          minmay_pentomino_pile
D:5:      layout_basic, regret_index_temple_of_mockery, lemuel_crystal_altar,
          serial_glass, glass_columns_a, glass_columns_c,
          kennysheep_generic_room_4
D:6:      layout_rooms, uniq_blork_the_orc, uniq_maggie, uniq_edmund
D:7:      layout_basic, bloody_makhleb, minmay_temple_entry_stoned_glass,
          st_stairs_9
D:8:      layout_basic, old_standard_altar, kennysheep_small_circle, uniq_erica,
          uniq_maurice, uniq_grum
D:9:      layout_long_grid, nicolae_overflow_hidden_temple,
          due_lair_maze_entry_diamond
Lair:1:   layout_loops_ring

Skill      XL: |  1  2  3  4  5  6  7  8  9 |
---------------+----------------------------+-----
Throwing       | 4 5 6 7 8 |  8.0
Unarmed Combat | 1 2 3 5 7 9 |  9.2
Dodging        | 2 4 5 |  5.3
Stealth        | 1 2 |  2.3
Fighting       | 2 3 |  3.4

Action                   |  1- 3 |  4- 6 |  7- 9 | 10-12 || total
-------------------------+-------+-------+-------+-------++-------
Melee: Unarmed           |    75 |    40 |   288 |    17 ||   420
       Short sword       |     3 |       |       |       ||     3
       Punch             |       |       |     6 |     2 ||     8
Throw: Large rock        |    19 |    53 |    44 |       ||   116
       Throwing net      |     2 |     1 |       |       ||     3
 Stab: Held in net/web   |     1 |       |       |       ||     1
       Sleeping          |       |       |     1 |       ||     1
Armor: Robe              |    47 |    17 |    49 |       ||   113
       Steam dragon scal |       |       |    95 |    24 ||   119
Dodge: Dodged            |    49 |    26 |   137 |    31 ||   243

Table legend: (Time is in decaauts)
 A = Elapsed time spent in this place.
 B = Non-inter-level travel time spent in this place.
 C = Inter-level travel time spent in this place.
 D = Time resting spent in this place.
 E = Time spent auto-exploring this place.
 F = Levels seen in this place.
 G = Mean time per level.
                   A        B        C        D        E       F      G
               +--------+--------+--------+--------+--------+-----+--------+
         Total |   5414 |   5105 |    309 |    225 |   3797 |  10 |  541.4 |
       Dungeon |   5400 |   5091 |    309 |    225 |   3797 |   9 |  600.0 |
          Lair |     13 |     13 |      0 |      0 |      0 |   1 |   13.0 |
               +--------+--------+--------+--------+--------+-----+--------+

Top non-repeatable levels by time:
     D:8: 1107 daAuts
     D:5: 774 daAuts
     D:4: 719 daAuts
     D:3: 710 daAuts
     D:7: 613 daAuts
     D:6: 528 daAuts
     D:1: 480 daAuts
     D:2: 413 daAuts
     D:9: 53 daAuts
  Lair:1: 13 daAuts
